 Dungeon Crawl Stone Soup version 0.27.0-1-g7a089689b8 (webtiles) character file.

Game seed: 13824698467115525176

58 Anothat the Shield-Bearer (level 4, -1/37 HPs)
             Began as a Formicid Fighter on Aug 15, 2021.
             Slain by a bullfrog skeleton (3 damage)
             ... on level 4 of the Dungeon.
             The game lasted 00:01:14 (1381 turns).

Anothat the Shield-Bearer (Formicid Fighter)        Turns: 1381, Time: 00:01:15

Health: -1/37      AC:  6    Str: 22    XL:     4   Next: 20%
Magic:  4/4        EV:  8    Int:  7    God:
Gold:   65         SH:  9    Dex: 10    Spells: 3/3 levels left

rFire    . . .     SeeInvis +   a - +0 war axe
rCold    . . .     Faith    .   c - +0 kite shield
rNeg     . . .     Spirit   .   b - +0 scale mail
rPois    .         Reflect  .   (helmet unavailable)
rElec    .         Harm     .   (no cloak)
rCorr    .         Rampage  .   (no gloves)
Will     .....                  (no boots)
Stlth    ..........             (no amulet)
HPRegen  0.12/turn              (no ring)
MPRegen  0.09/turn              (no ring)

@: no status effects
A: permanent stasis, dig shafts and tunnels, antennae 3, four strong arms
a: Dig, Shaft Self


You were on level 4 of the Dungeon.
You visited 1 branch of the dungeon, and saw 3 of its levels.

You collected 65 gold pieces.

Inventory:

Hand Weapons
 a - a +0 war axe (weapon)
Armour
 b - a +0 scale mail (worn)
 c - a +0 kite shield (worn)
Scrolls
 e - a scroll of enchant weapon {unknown}
 f - 3 scrolls of fear {unknown}
 g - 2 scrolls of identify {unknown}


   Skills:
 + Level 4.0 Fighting
 + Level 2.9 Axes
 - Level 3.2 Armour
 + Level 4.4 Shields


You had 3 spell levels left.
You didn't know any spells.
Your spell library contained the following spells:

 Spells                   Type           Power      Damage    Failure   Level
 Shock                    Conj/Air       0%         1d3       97%         1
 Airstrike                Air            0%         N/A       100%        4
 Swiftness                Air            Unusable   N/A       N/A         3

Dungeon Overview and Level Annotations

Branches:
Dungeon (2/15)

Altars:


Innate Abilities, Weirdness & Mutations

You cannot be hasted, slowed, berserked, paralysed or teleported.
You can dig through walls and to a lower floor.
You have a pair of large antennae on your head. (SInv)
Your four strong arms can wield two-handed weapons with a shield.


Message History

The scorpion poisons you!
You slash the scorpion!
The scorpion is heavily wounded.
You feel very sick. You block the scorpion's attack. The scorpion stings you.
You are more poisoned.
The scorpion poisons you!
You hit the scorpion but do no damage.
The scorpion is heavily wounded.
You feel very sick. The scorpion barely misses you. x2
You hit the scorpion but do no damage.
The scorpion is heavily wounded.
You feel very sick. You block the scorpion's attack.
You aren't carrying any potions.
You feel sick. The scorpion stings you.
You feel sick.
Okay, then.
Are you sure you want to shaft yourself?
You feel sick. You block the scorpion's attack.
You begin to dig a shaft.
You continue digging a shaft.
You feel sick. You block the scorpion's attack. A shaft appears beneath you!
You fall into a shaft and drop 2 floors!
The shaft crumbles and collapses.
A bullfrog skeleton comes into view.
You feel sick.
Found 9 gold pieces and a robe.
You feel sick.
You completely miss the bullfrog skeleton.
You feel sick.
You block the bullfrog skeleton's attack.
The bullfrog skeleton hits you.
* * * LOW HITPOINT WARNING * * *
You hit the bullfrog skeleton but do no damage.
You feel sick.
You are no longer poisoned.
The bullfrog skeleton hits you.
You die...

... ###.[
...$###
#....#
##....###
#.......#
#.......#
#.......#
###.Z@###
#...#
##.## #.
#. #. ..
##


You could see a bullfrog skeleton.

Vanquished Creatures
  Terence (D:2)
  A dart slug (D:1)
  2 bats (D:1)
  A giant cockroach (D:1)
  2 goblins (D:1)
  3 jackals
  5 quokkas (D:1)
  5 ball pythons (D:1)
  3 frilled lizards (D:1)
  2 kobolds (D:1)
  4 rats (D:1)
29 creatures vanquished.

Notes
Turn   | Place    | Note
-------+----------+-------------------------------------------
     0 | D:1      | Anothat the Formicid Fighter began the quest for the Orb.
     0 | D:1      | Reached XP level 1. HP: 18/18 MP: 1/1
   116 | D:1      | Reached XP level 2. HP: 22/24 MP: 2/2
   694 | D:1      | Reached XP level 3. HP: 30/30 MP: 3/3
  1028 | D:2      | Noticed Terence
  1050 | D:2      | Killed Terence
  1051 | D:2      | Reached XP level 4. HP: 4/37 MP: 4/4
  1367 | D:2      | Noticed a scorpion
  1378 | D:2      | You fall into a shaft and drop 2 floors!
  1381 | D:4      | Slain by a bullfrog skeleton

Illustrated notes

Levels and vault maps discovered:
D:1:      dpeg_arrival_rhombus, layout_loops_ring
D:2:      layout_basic, serial_bayou_ford_a, minmay_tromino_v2, uniq_terence,
          uniq_robin
D:4:      layout_loops_ring, mainiacjoe_overflow_six_doors_small, uniq_eustachio

Skill      XL: |  1  2  3 |
---------------+----------+-----
Shields        | 4 |  4.4
Fighting       | 4 |  4.0
Axes           | |  2.9
Armour         | |  3.2

Action                   |  1- 3 |  4- 6 || total
-------------------------+-------+-------++-------
Melee: War axe           |   101 |     6 ||   107
 Abil: Shaft Self        |       |     1 ||     1
  Use: Potion            |     1 |       ||     1
Armor: Scale mail        |    41 |       ||    41
Dodge: Dodged            |    38 |     2 ||    40
Block: Kite shield       |    55 |     6 ||    61
